General information
			
			
        
        - name: ping
 
        - type: Ladder 1vs1/FFA
 
        - host: iggy_the_fisk
 
        - saver: Mata.
 
        
map: Snowdrop1.1_allstar 
        - players: 6
 
        - length: 16:29
 
        - speed: Fast
 - version: 1.22 W3XP
 - replay type:  

 
» download(102 KB)
Players
        team 1 (loser) 
              
              
Mata. (
green | 168 APM | 2773 actions | 16:29)
              
 4 Archmage 
 2 Summon Water Elemental
 2 Brilliance Aura
 2 Mountain King 
 1 Storm Bolt
 1 Bash
 
                » actions 
                
                | Assign group hotkey | 207 |  | 
| Basic commands | 31 |  | 
| Build / train | 65 |  | 
| Enter build submenu | 24 |  | 
| Enter hero's abilities submenu | 6 |  | 
| Give item / drop item | 2 |  | 
| Remove unit from queue | 6 |  | 
| Right click | 1048 |  | 
| Select / deselect | 536 |  | 
| Select group hotkey | 739 |  | 
| Use ability | 109 |  | 
                2773 total
 » units 
                
                | Peasant | 11 |  | 
| Rifleman | 11 |  | 
| Spell Breaker | 6 |  | 
| Priest | 3 |  | 
| Sorceress | 1 |  | 
                32 total
 » buildings
                
                | Altar of Kings | 1 |  | 
| Barracks | 1 |  | 
| Farm | 9 |  | 
| Blacksmith | 1 |  | 
| Keep | 1 |  | 
| Arcane Vault | 1 |  | 
| Arcane Sanctum | 2 |  | 
| Town Hall | 1 |  | 
| Castle | 2 |  | 
| Scout Tower | 2 |  | 
| Arcane Tower | 3 |  | 
| Workshop | 1 |  | 
                25 total
 » build order
                00:09 Altar of Kings
00:19 Barracks
00:24 Farm
01:13 Farm
01:59 Blacksmith
02:02 Farm
02:51 Keep
03:17 Farm
04:48 Arcane Vault
05:26 Arcane Sanctum
05:28 Arcane Sanctum
05:32 Farm
05:50 Farm
07:28 Farm
08:58 Town Hall
09:37 Farm
11:48 Castle
11:48 Castle
11:53 Farm
12:14 Scout Tower
12:18 Scout Tower
13:52 Arcane Tower
13:52 Arcane Tower
13:53 Arcane Tower
15:30 Workshop
» items
                
                | Scroll of Regeneration | 3 |  | 
| Scroll of Town Portal | 3 |  | 
| Potion of Lesser Invulnerability | 1 |  | 
| Staff of Sanctuary | 3 |  | 
                10 total
  
               team 2 (winner) 
              
              
TIMG4STRok (
gray | 123 APM | 2024 actions | 16:29)
              
 5 Demon Hunter 
 3 Mana Burn
 2 Evasion
 5 Pandaren Brewmaster 
 3 Breath of Fire
 1 Drunken Brawler
 1 Drunken Haze
 
                » actions 
                
                | Assign group hotkey | 28 |  | 
| Basic commands | 81 |  | 
| Build / train | 60 |  | 
| Enter build submenu | 15 |  | 
| Enter hero's abilities submenu | 10 |  | 
| Give item / drop item | 5 |  | 
| Right click | 792 |  | 
| Select / deselect | 200 |  | 
| Select group hotkey | 758 |  | 
| Use ability | 75 |  | 
                2024 total
 » units 
                
                | Wisp | 19 |  | 
| Archer | 4 |  | 
| Dryad | 3 |  | 
| Druid of the Claw | 4 |  | 
| Goblin Zeppelin | 1 |  | 
| Nerubian Webspinner | 1 |  | 
| Ice Troll Berserker | 1 |  | 
                33 total
 » upgrades
                
                | Ultravision | 1 |  | 
| Abolish Magic | 1 |  | 
| Druid of the Claw Training | 2 |  | 
| Well Spring | 1 |  | 
| Strength of the Wild | 1 |  | 
                6 total
 » buildings
                
                | Altar of Elders | 1 |  | 
| Moon Well | 6 |  | 
| Ancient of War | 1 |  | 
| Tree of Ages | 1 |  | 
| Hunter's Hall | 1 |  | 
| Ancient of Wonders | 1 |  | 
| Ancient of Lore | 2 |  | 
| Tree of Eternity | 1 |  | 
| Tree of Life | 1 |  | 
                15 total
 » build order
                00:06 Altar of Elders
00:18 Moon Well
00:51 Ancient of War
01:38 Moon Well
02:52 Tree of Ages
03:13 Hunter's Hall
03:18 Moon Well
04:16 Ancient of Wonders
05:27 Ancient of Lore
05:28 Ancient of Lore
06:38 Moon Well
08:34 Tree of Eternity
09:22 Tree of Life
11:21 Moon Well
15:07 Moon Well
» items
                
                | Staff of Preservation | 2 |  | 
| Potion of Healing | 1 |  | 
| Staff of Teleportation | 1 |  | 
| Boots of Speed | 1 |  | 
| Orb of Venom | 1 |  | 
| Scroll of Town Portal | 1 |  | 
                7 total
  
               refereesiggy_the_fisk, 
bLinn, 
BEAR_AND, 
evil_pEnGOon Chat log
          (00:14 / All) Mata.: counting the ud one as a win for me
(00:14 / All) TIMG4STRok: nicegametv
(00:16 / All) Mata.: are we 4-3 now?
(00:25 / All) TIMG4STRok: 3-3
(00:28 / All) TIMG4STRok: ud game was gay
(00:29 / All) TIMG4STRok: doesnt count
(00:33 / All) Mata.: you lost all your shit
(00:38 / All) TIMG4STRok: i zep killed you
(00:43 / All) Mata.: only level 2 heroes
(00:48 / All) Mata.: but fine
(00:55 / All) TIMG4STRok: w/e
(00:55 / All) Mata.: i give you that one
(00:59 / All) TIMG4STRok: you wanna count it as a win
(00:59 / All) TIMG4STRok: w/e
(01:00 / All) Mata.: in return for not going ud anymore
(01:08 / All) TIMG4STRok: deqal
(01:09 / All) TIMG4STRok: dEAL
(01:30 / All) TIMG4STRok: map is huge btw
(01:35 / All) Mata.: kind of
(01:42 / All) Mata.: i like the doodads
(01:47 / All) Mata.: NICEGAMETV
(02:15 / All) Mata.: playple
(02:19 / All) Mata.: didnt work for me this morning
(02:24 / All) BEAR_AND: play people
(02:53 / All) Mata.: map has penguins
(03:08 / All) TIMG4STRok: hi
(03:47 / All) Mata.: what's that other map with retarded strong green camps
(03:52 / All) Mata.: inthe mid 
(03:55 / All) TIMG4STRok: idk
(03:55 / All) evil_pEnGOon: ice flow
(03:58 / All) TIMG4STRok: oh
(03:58 / All) BEAR_AND: broken shard
(03:58 / All) TIMG4STRok: yeah
(03:59 / All) TIMG4STRok: ok
(04:03 / All) TIMG4STRok: poison and ss
(04:05 / All) BEAR_AND: the ss scorpions
(04:07 / All) Mata.: yeah
(04:10 / All) BEAR_AND: arachnathids
(05:08 / All) Mata.: 1s
(05:12 / All) TIMG4STRok: pause?
(05:17 / All) BEAR_AND: no romanian
(05:24 / All) bLinn: no kroatia
(06:51 / All) TIMG4STRok: fuckin phone ringing 
(06:53 / All) TIMG4STRok: distracrting
(08:03 / All) TIMG4STRok: keep calling
(08:16 / All) TIMG4STRok: somebody calling my house 3 times in a row
(08:17 / All) Mata.: don't you hate that
(08:27 / All) TIMG4STRok: sorry if i dont pick up the first time im not going to pick up the second or third either
(08:43 / All) TIMG4STRok: what was item
(08:48 / All) Mata.: mana thing
(08:50 / All) TIMG4STRok: o
(11:35 / All) TIMG4STRok: man
(11:36 / All) TIMG4STRok: my shit
(11:38 / All) TIMG4STRok: just aint listening
(12:08 / All) TIMG4STRok: ty
(12:16 / All) Mata.: yeah that was gay
(12:22 / All) Mata.: what did he drop?
(12:28 / All) BEAR_AND: mask o death
(12:32 / All) Mata.: damn
(12:40 / All) bLinn: crown of kings
(12:45 / All) Mata.: shit both?
(14:09 / All) BEAR_AND: someone go check out merc camp
(14:13 / All) BEAR_AND: never seen it
(14:18 / All) Mata.: have timg do it
(14:23 / All) Mata.: game is over anyway
(14:28 / All) BEAR_AND: sweet
(14:31 / All) BEAR_AND: blizzard
(15:37 / All) BEAR_AND: flwoers ownage
(15:56 / All) bLinn: First time I've ever seen a flower own a person..
(16:15 / All) Mata.: ugh
(16:17 / All) Mata.: worst tp
(16:26 / All) Mata.: gg